 Dungeon Crawl Stone Soup version 0.26-a0-597-gb535b0901c (webtiles) character file.

Game seed: 5242394508016576662

139 Lanoc the Bolt Thrower (level 5, -3/41 HPs)
             Began as a Formicid Hunter on Sept 3, 2020.
             Was an Initiate of Okawaru.
             Slain by a hound (6 damage)
             ... in the Ecumenical Temple.
             The game lasted 00:03:01 (1798 turns).

Lanoc the Bolt Thrower (Formicid Hunter)            Turns: 1798, Time: 00:03:01

Health: -3/41      AC:  3    Str: 15 (16) XL:     5   Next: 46%
Magic:  5/5        EV: 12    Int: 10 (11) God:    Okawaru [......]
Gold:   183        SH:  0    Dex: 11 (12) Spells: 4/4 levels left

rFire    . . .     SeeInvis +   a - +1 hand crossbow
rCold    . . .     Faith    .   (no shield)
rNeg     . . .     Spirit   .   c - +0 leather armour
rPois    .         Reflect  .   (helmet unavailable)
rElec    .         Harm     .   (no cloak)
rCorr    .                      (no gloves)
MR       .....                  (no boots)
Stlth    +.........             (no amulet)
HPRegen  0.13/turn              (no ring)
MPRegen  0.09/turn              (no ring)

@: no status effects
A: permanent stasis, dig shafts and tunnels, four strong arms, antennae 3
a: Dig, Shaft Self, Renounce Religion


You were in the Ecumenical Temple.
You worshipped Okawaru.
Okawaru was noncommittal.
You visited 2 branches of the dungeon, and saw 5 of its levels.

You collected 183 gold pieces.

Inventory:

Hand Weapons
 a - a +1 hand crossbow (weapon)
 b - a +0 short sword
Missiles
 d - 17 bolts (quivered)
 p - 8 atropa-tipped darts
Armour
 c - a +0 leather armour (worn)
Wands
 l - a wand of iceblast (8)
Scrolls
 f - a scroll of identify {unknown}
 h - a scroll of remove curse {unknown}
 i - a scroll of magic mapping {unknown}
 j - a scroll of immolation {unknown}
 m - 3 scrolls of blinking {unknown}
 n - a scroll of enchant weapon {unknown}
 o - 4 scrolls of enchant armour {unknown}
 q - a scroll of teleportation {unknown}
 s - a scroll of random uselessness {unknown}
Potions
 e - a potion of degeneration
 g - 2 potions of lignification {unknown}
 k - a potion of berserk rage {unknown}
 r - a potion of ambrosia {unknown}
 t - 2 potions of curing {unknown}


   Skills:
 + Level 3.3 Fighting
 * Level 5.3 Crossbows
 + Level 2.7 Dodging
 - Level 1.2 Stealth


You had 4 spell levels left.
You didn't know any spells.
Your spell library was empty.

Dungeon Overview and Level Annotations

Branches:
Dungeon (4/15)             Temple (1/1) D:4

Altars:
Dithmenos
Elyvilon
Fedhas
Hepliaklqana
Kikubaaqudgha
Makhleb
Okawaru
Sif Muna
Vehumet
Yredelemnul
The Shining One


Innate Abilities, Weirdness & Mutations

You cannot be hasted, slowed, berserked, paralysed or teleported.
You can dig through walls and to a lower floor.
Your four strong arms can wield two-handed weapons with a shield.
You have a pair of large antennae on your head. (SInv)


Message History

You shoot a bolt. The bolt closely misses the hound.
The hound closely misses you. The hound bites you.
* * * LOW HITPOINT WARNING * * *
The hound closely misses you.
Firing (i - inventory. (/) - cycle)
d - 18 bolts (quivered)
Press: ? - help, Shift-Dir - straight line, f/p - hound
Aim: a hound (moderately wounded)
You shoot a bolt. The bolt barely misses the hound.
The hound barely misses you. The hound bites you.
* * * LOW HITPOINT WARNING * * *
The hound pauses to sniff the ground.
The hound closely misses you.
It was a potion of degeneration.
There was something very wrong with that liquid.
You feel weakened.
You feel dopey.
You feel clumsy. The hound bites you.
* * * LOW HITPOINT WARNING * * *
The hound bites you.
You die...

..#.....#...#..#..#...#..#..#
. #.#......_..##.##.._..##.###
#..#.....#...#..#..#...#..#..#
..........#.#.......#.#......#
.......<.....................#
..#.#........o.#.#.......#.#.#
#...#.....#.{#...#..#..#...##
#.._......#.##h._..##.##.._..#
.#...#.....#.@#...#..#..#...##
..#(#...#......#.#.......#.#.#
......#...#.#......##.#......#
..#.....#...#.#...#...#..#..#
..... ..##.##.._..##.###
..#...#.....#...#..#..# ....
.#.......#.##.....#
.........#_#...........#
#############


You could see a hound.

Vanquished Creatures
  An orc wizard (D:3)
  4 adders (D:2)
  4 dart slugs
  2 leopard geckos (D:1)
  2 orcs (D:3)
  3 giant cockroaches (D:3)
  8 goblins
  7 hobgoblins
  8 jackals (D:3)
  A ball python (D:1)
  5 bats
  7 frilled lizards
  7 kobolds
  9 rats
68 creatures vanquished.

Vanquished Creatures (others)
  2 jackals (D:4)
2 creatures vanquished.

Grand Total: 70 creatures vanquished

Notes
Turn   | Place    | Note
-------+----------+-------------------------------------------
     0 | D:1      | Lanoc the Formicid Hunter began the quest for the Orb.
     0 | D:1      | Reached XP level 1. HP: 16/16 MP: 1/1
    47 | D:1      | Reached XP level 2. HP: 23/23 MP: 2/2
   215 | D:1      | Reached XP level 3. HP: 28/28 MP: 3/3
   455 | D:2      | Reached XP level 4. HP: 30/34 MP: 4/4
   637 | D:2      | Reached skill level 5 in Crossbows
   902 | D:3      | Reached XP level 5. HP: 41/41 MP: 5/5
  1672 | D:3      | You fall into a shaft and drop 1 floor!
  1672 | D:4      | Found a staircase to the Ecumenical Temple.
  1673 | D:4      | Noticed an ogre
  1681 | Temple   | Entered the Ecumenical Temple
  1753 | Temple   | Became a worshipper of Warmaster Okawaru
  1798 | Temple   | Slain by a hound

Illustrated notes

Levels and vault maps discovered:
D:1:      eino_arrival_water_cross, layout_rooms, minmay_cupped
D:2:      layout_rooms, nicolae_overflow_crystal_walls,
          kennysheep_generic_room_5
D:3:      layout_rooms, hex_tiny, okawaru_altar_gauntlet_db
D:4:      layout_rooms, minmay_temple_entry_water_ring, chequers_big_river,
          lemuel_flame_loot_1, uniq_pikel
Temple:   regret_index_temple_chain_breaker

Skill      XL: |  1  2  3  4 |
---------------+-------------+-----
Dodging        | 2 |  2.7
Fighting       | 3 |  3.3
Crossbows      | 5 |  5.3
Stealth        | |  1.2

Action                   |  1- 3 |  4- 6 || total
-------------------------+-------+-------++-------
Melee: Short sword       |       |   140 ||   140
 Fire: Hand crossbow     |    64 |    24 ||    88
  Use: Potion            |       |     1 ||     1
 Stab: Sleeping          |       |     1 ||     1
Armor: Leather armour    |     3 |    48 ||    51
Dodge: Dodged            |     5 |   148 ||   153

Table legend: (Time is in decaauts)
 A = Elapsed time spent in this place.
 B = Non-inter-level travel time spent in this place.
 C = Inter-level travel time spent in this place.
 D = Time resting spent in this place.
 E = Time spent auto-exploring this place.
 F = Levels seen in this place.
 G = Mean time per level.
                   A        B        C        D        E       F      G
               +--------+--------+--------+--------+--------+-----+--------+
         Total |   1835 |   1815 |     20 |      0 |   1305 |   5 |  367.0 |
       Dungeon |   1719 |   1718 |      1 |      0 |   1252 |   4 |  429.8 |
        Temple |    116 |     97 |     19 |      0 |     53 |   1 |  116.0 |
               +--------+--------+--------+--------+--------+-----+--------+

Top non-repeatable levels by time:
     D:3: 979 daAuts
     D:1: 421 daAuts
     D:2: 306 daAuts
  Temple: 116 daAuts
     D:4: 11 daAuts
